 Dungeon Crawl Stone Soup version 0.30.0-10-gfe55d96785 (webtiles) character file.

Game seed: 11660306622160217631

144 CaptainMV the Firebug (level 5, -2/41 HPs)
             Began as a Gnoll Wanderer on May 16, 2023.
             Killed from afar by an orc wizard (3 damage)
             ... with a magic dart
             ... on level 3 of the Dungeon.
             The game lasted 00:11:37 (1500 turns).

CaptainMV the Firebug (Gnoll Wanderer)              Turns: 1500, Time: 00:11:39

Health: -2/41      AC:  3    Str: 13    XL:     5   Next: 27%
Magic:  0/9        EV: 12    Int: 14    God:
Gold:   106        SH:  0    Dex:  9    Spells: 7/10 levels left

rFire   . . .        a - +2 sling (heavy)
rCold   . . .        (no shield)
rNeg    . . .        e - +0 leather armour
rPois   .            (no helmet)
rElec   .            (no cloak)
rCorr   .            (no gloves)
SInv    .            (no boots)
Will    .....        g - amulet of guardian spirit
Stlth   +            (no ring)
HPRegen 0.26/turn    (no ring)
MPRegen 0.11/turn

%: guardian spirit
@: no status effects
A: fangs 1, strong nose, distributed training
a: no special abilities


You were on level 3 of the Dungeon.
You visited 1 branch of the dungeon, and saw 3 of its levels.

You collected 106 gold pieces.

Inventory:

Hand Weapons
 a - a +2 heavy sling (weapon)
 c - a +0 dagger
Missiles
 b - a poisoned dart (quivered)
Armour
 e - a +0 leather armour (worn)
Jewellery
 g - an amulet of guardian spirit (around neck)
Scrolls
 i - 2 scrolls of teleportation
 j - a scroll of fear
 o - a scroll of brand weapon
Potions
 d - a potion of might
 f - a potion of cancellation
 h - 2 potions of haste {unknown}
 k - 2 potions of brilliance {unknown}
 l - 2 potions of curing {unknown}
 m - a potion of invisibility {unknown}
 p - a potion of heal wounds {unknown}
 q - a potion of attraction {unknown}
 r - a potion of lignification {unknown}


   Skills:
 + Level 3.0 Fighting
 + Level 1.5 Short Blades
 + Level 1.5 Long Blades
 + Level 1.5 Axes
 + Level 1.5 Maces & Flails
 + Level 1.5 Polearms
 + Level 1.5 Staves
 + Level 4.8 Ranged Weapons
 + Level 3.0 Throwing
 + Level 1.5 Armour
 + Level 3.0 Dodging
 + Level 1.5 Stealth
 + Level 1.5 Shields
 + Level 1.5 Unarmed Combat
 + Level 3.2 Spellcasting
 + Level 1.2 Conjurations
 + Level 1.2 Hexes
 + Level 1.2 Summonings
 + Level 1.2 Necromancy
 + Level 1.2 Translocations
 + Level 1.2 Transmutations
 + Level 5.5 Fire Magic
 + Level 1.2 Ice Magic
 + Level 1.2 Air Magic
 + Level 1.2 Earth Magic
 + Level 1.2 Poison Magic
 + Level 1.7 Invocations
 + Level 3.0 Evocations


You had 7 spell levels left.
You knew the following spells:

 Your Spells              Type           Power      Damage    Failure   Level
b - Ignite Poison         Fire/Tmut/Pois 9%         N/A       26%         3

Your spell library contained the following spells:

 Spells                   Type           Power      Damage    Failure   Level
 Foxfire                  Conj/Fire      44%        2x1d6     7%          1


Dungeon Overview and Level Annotations

Branches:
Dungeon (3/15)

Altars:


Innate Abilities, Weirdness & Mutations

You have very sharp teeth.
Your uncanny sense of smell can sniff out nearby items.
Your experience applies equally to all skills.


Message History

You throw a poisoned dart. The poisoned dart hits the orc.
The orc is poisoned.
The orc hits you with a +0 hand axe.
* * * LOW HITPOINT WARNING * * *
Something hits you but does no damage.
Throw: 2 darts (poison)
Press: ? - help, Q - select action, (/) - cycle Shift-Dir - straight line, f/p - orc
Aim: an orc, wielding a +0 hand axe (poisoned, 56% to hit)
You throw a poisoned dart. The poisoned dart hits the orc.
The orc looks even sicker.
Something hits you.
* * * LOW HITPOINT WARNING * * *
The orc closely misses you.
You hear some strange, mumbled words.
Something tries to affect you, but you resist.
Casting: Ignite Poison (quite dangerous; 26% risk of failure)
Confirm with . or Enter, or press ? or * to list all spells.
You don't have enough magic to cast this spell.
You shoot a sling bullet. The sling bullet hits the orc!
You kill the orc!
Something hits you. x2
* * * LOW HITPOINT WARNING * * *
You shoot a sling bullet. Something hits you but does no damage.
Something completely misses you. Something hits you but does no damage.
Your magical contamination has completely faded away.
You shoot a sling bullet. Something hits you.
* * * LOW HITPOINT WARNING * * *
Something hits you.
* * * LOW HITPOINT WARNING * * *
You shoot a sling bullet.
You hear some strange, mumbled words.
Something tries to affect you, but you resist.
Something hits you but does no damage.
You shoot a sling bullet. Something hits you.
* * * LOW HITPOINT WARNING * * *
Something hits you.
* * * LOW HITPOINT WARNING * * *
You hear some strange, mumbled words.
A magic dart appears from out of thin air!
The magic dart hits you.
You die...

(.......##..
#.......##.#
#.......##.#
.......##.##
#.........#
#.........#
#...){....#
#....@....#
#.........#
#.........#
#.........#
#.........#
########.#######.#
.................
#..#####...####.#
............#


There were no monsters in sight!

Vanquished Creatures
  An orc wizard (D:3)
  6 adders
  2 dart slugs (D:1)
  2 orcs (D:3)
  5 endoplasms
  2 giant cockroaches (D:1)
  5 goblins
  A hobgoblin (D:2)
  7 jackals
  9 kobolds
  5 ball pythons
  7 bats
  2 frilled lizards
  5 rats
59 creatures vanquished.

Vanquished Creatures (others)
  8 foxfires (D:1)
8 creatures vanquished.

Grand Total: 67 creatures vanquished

Notes
Turn   | Place    | Note
-------+----------+-------------------------------------------
     0 | D:1      | CaptainMV the Gnoll Wanderer began the quest for the Orb.
     0 | D:1      | CaptainMV set off with the following items: a +2 sling, 10
                  | poisoned darts, a +0 dagger, a potion of might, a +0
                  | leather armour; and the following spell memorised: Foxfire;
                  | and the following spells available to memorise: Ignite
                  | Poison.
     0 | D:1      | Reached XP level 1. HP: 17/17 MP: 4/4
   133 | D:1      | Reached XP level 2. HP: 20/23 MP: 5/5
   629 | D:1      | Reached XP level 3. HP: 28/28 MP: 5/7
   641 | D:1      | Learned a level 3 spell: Ignite Poison
   777 | D:2      | Reached skill level 1 in Invocations
   868 | D:2      | Reached skill level 1 in Short Blades
   868 | D:2      | Reached skill level 1 in Long Blades
   868 | D:2      | Reached skill level 1 in Axes
   868 | D:2      | Reached skill level 1 in Maces & Flails
   868 | D:2      | Reached skill level 1 in Polearms
   868 | D:2      | Reached skill level 1 in Staves
   868 | D:2      | Reached skill level 1 in Armour
   868 | D:2      | Reached skill level 1 in Stealth
   868 | D:2      | Reached skill level 1 in Shields
   868 | D:2      | Reached skill level 1 in Unarmed Combat
   962 | D:2      | Reached XP level 4. HP: 34/34 MP: 8/8
  1160 | D:2      | Reached skill level 1 in Conjurations
  1160 | D:2      | Reached skill level 1 in Hexes
  1160 | D:2      | Reached skill level 1 in Summonings
  1160 | D:2      | Reached skill level 1 in Necromancy
  1160 | D:2      | Reached skill level 1 in Translocations
  1160 | D:2      | Reached skill level 1 in Transmutations
  1160 | D:2      | Reached skill level 1 in Ice Magic
  1160 | D:2      | Reached skill level 1 in Air Magic
  1160 | D:2      | Reached skill level 1 in Earth Magic
  1160 | D:2      | Reached skill level 1 in Poison Magic
  1444 | D:3      | Reached XP level 5. HP: 40/40 MP: 9/9
  1500 | D:3      | HP: 2/41 [something (3)]
  1500 | D:3      | Killed from afar by an orc wizard

Illustrated notes

Levels and vault maps discovered:
D:1:      eino_arrival_cavern_c, layout_loops_cross, minmay_misc_feat_five
D:2:      minmay_recursive_quarters, layout_basic, dk_vineyard_2
D:3:      layout_basic, amcnicky_altar_gilded,
          shapermc_ecumenical_altar_flowoftime

Skill      XL: |  1  2  3  4  5 |
---------------+----------------+-----
Invocations    | 1 |  1.7
Short Blades   | 1 |  1.5
Long Blades    | 1 |  1.5
Axes           | 1 |  1.5
Maces & Flails | 1 |  1.5
Polearms       | 1 |  1.5
Staves         | 1 |  1.5
Armour         | 1 |  1.5
Stealth        | 1 |  1.5
Shields        | 1 |  1.5
Unarmed Combat | 1 |  1.5
Spellcasting   | 3 |  3.2
Conjurations   | 1 |  1.2
Hexes          | 1 |  1.2
Summonings     | 1 |  1.2
Necromancy     | 1 |  1.2
Translocations | 1 |  1.2
Transmutations | 1 |  1.2
Ice Magic      | 1 |  1.2
Air Magic      | 1 |  1.2
Earth Magic    | 1 |  1.2
Poison Magic   | 1 |  1.2
Fighting       | 3 |  3.0
Throwing       | 3 |  3.0
Dodging        | 3 |  3.0
Evocations     | 3 |  3.0
Ranged Weapons | |  4.8
Fire Magic     | |  5.5

Action                     |  1- 3 |  4- 6 || total
---------------------------+-------+-------++-------
   Fire: Sling             |   100 |    89 ||   189
  Throw: Dart              |     5 |     8 ||    13
   Cast: Foxfire           |     5 |       ||     5
         Ignite Poison     |     1 |       ||     1
    Use: Scroll            |     4 |     4 ||     8
 Armour: Leather armour    |    32 |    45 ||    77
  Dodge: Dodged            |    63 |    56 ||   119
